AoeStats
← Dudezilla

Fortress

507764435Analyzed
3v3 RM · 14d ago on Sep 19, 2026· 38m 25s· 6 players
Game mode
Random Map
Map size
Large (8 player)
Population
200
Speed
Normal
Resources
Standard
Victory
Conquest
Starting age
Dark Age
Ending age
Imperial Age
RankedLock teamsTeams togetherTeam positionsShared explorationLock speedFull tech treeHidden civsTurbo modeCheats
Victory
Defeat
🇺🇸 Khitans · United States
1129
+14
🇺🇸 Chinese · United States
1104
+15
🇺🇸 Armenians · United States
1101
+15
🇨🇴 Burgundians · Colombia
1111
-16
🇨🇳 Khmer · China
1076
-14
🇧🇷 Persians · Brazil
1074
-14
andrerom
8:41 Feudal Age
7:36 Loom
12:59 Castle Age
11:10 Double-Bit Axe
11:47 Horse Collar
12:35 Gold Mining
12:54 Stone Mining
18:06 Heavy Plow
20:00 Bow Saw
21:25 Gold Shaft Mining
22:51 Wheelbarrow
26:49 Imperial Age
25:06 Stone Shaft Mining
24:49 Hand Cart
24:16 Pikeman
24:56 Squires
24:41 Arson
25:20 Scale Barding Armor
25:17 Scale Mail Armor
25:29 Forging
26:14 Husbandry
26:25 Bloodlines
26:38 Chain Barding Armor
27:02 Chain Mail Armor
26:32 Cavalier
27:34 Conscription
27:17 Halberdier
28:42 Iron Casting
27:53 Savar
31:01 Plate Barding Armor
30:57 Plate Mail Armor
32:25 Chemistry
35:11 Blast Furnace
Kick90s
7:17 Feudal Age
7:50 Double-Bit Axe
7:52 Horse Collar
12:43 Castle Age
10:38 Gold Mining
11:12 Bow Saw
12:11 Heavy Plow
12:59 Gold Shaft Mining
12:43 Loom
16:00 Crop Rotation
17:19 Forging
19:02 Scale Mail Armor
27:09 Imperial Age
25:03 Scale Barding Armor
26:37 Cavalier
27:20 Husbandry
28:42 Chain Barding Armor
29:27 Fletching
30:54 Wheelbarrow
31:26 Two-Man Saw
32:46 Light Cavalry
34:32 Plate Barding Armor
34:36 Hussar
36:14 Hand Cart
我是小菜鸡
7:33 Feudal Age
10:20 Castle Age
8:46 Double-Bit Axe
8:42 Horse Collar
11:25 Bow Saw
11:17 Heavy Plow
14:42 Light Cavalry
17:35 Bloodlines
20:17 Husbandry
21:26 Scale Barding Armor
22:01 Forging
23:56 Chain Barding Armor
24:55 Iron Casting
29:55 Wheelbarrow
Shirls
8:34 Feudal Age
13:03 Castle Age
11:12 Double-Bit Axe
11:11 Horse Collar
14:09 Bow Saw
14:01 Heavy Plow
14:09 Loom
20:48 Fletching
26:18 Gold Mining
28:03 Stone Mining
29:44 Ballistics
32:02 Imperial Age
30:12 Wheelbarrow
31:46 Thumb Ring
32:55 Bodkin Arrow
34:42 Chemistry
34:08 Hand Cart
33:38 Town Watch
35:22 Bracer
35:29 Elite Chu Ko Nu
36:33 Conscription
36:42 Masonry
38:53 Padded Archer Armor
Dudezilla
8:32 Feudal Age
9:04 Loom
10:18 Gold Mining
13:29 Castle Age
13:18 Double-Bit Axe
14:34 Bow Saw
15:03 Gold Shaft Mining
16:20 Forging
17:42 Stone Mining
20:54 Wheelbarrow
20:48 Horse Collar
23:23 Fletching
24:44 Bodkin Arrow
25:25 Hand Cart
27:19 Fortified Wall
32:12 Imperial Age
29:57 Padded Archer Armor
30:53 Ballistics
31:16 Leather Archer Armor
31:34 Heavy Plow
32:53 Bracer
34:49 Ring Archer Armor
36:48 Conscription
36:29 Elite Composite Bowman
Scogs
1:15 Loom
7:58 Feudal Age
12:02 Castle Age
10:17 Double-Bit Axe
10:19 Domestication
18:34 Scale Mail Armor
19:52 Town Watch
21:47 Squires
22:51 Chain Mail Armor
26:58 Imperial Age
25:12 Wheelbarrow
25:36 Forging
26:51 Pikeman
27:29 Elite Liao Dao
27:33 Capped Ram
29:47 Plate Mail Armor
31:20 Arson
32:14 Iron Casting
37:58 Man-at-Arms
38:24 Gambesons
Connection lost

Rejoining the realm…

Still unreachable

The connection could not be restored.

Session expired

The server has moved on; the page needs a fresh start.